 Seeded DCSS version 0.31-a0-14-gc80a10f4b6 (webtiles) character file.

Game seed: 20230507 (custom seed)

66008 a11behringer the Cleaver (level 15, -5/120 HPs)
             Began as a Formicid Fighter on May 7, 2023.
             Was a High Priest of Okawaru.
             Slain by a ten-headed hydra (6 damage)
             ... summoned by a boggart
             ... on level 14 of the Dungeon.
             The game lasted 00:42:38 (13094 turns).

a11behringer the Cleaver (Formicid Fighter)        Turns: 13094, Time: 00:42:38

Health: -5/120     AC: 33    Str: 27    XL:     15   Next: 60%
Magic:  20/21      EV: 15    Int:  9    God:    Okawaru [*****.]
Gold:   1138       SH: 17    Dex: 15    Spells: 14/14 levels left

rFire   . . .        l - +5 executioner's axe (freeze)
rCold   . . .        t - +2 kite shield
rNeg    . . .        r - +1 crystal plate armour
rPois   .            (helmet unavailable)
rElec   .            P - +1 cloak
rCorr   .            (no gloves)
SInv    +            b - +3 pair of boots "Pemaeps" {Dex+2}
Will    +....        I - amulet of regeneration Stlth
                     N - +5 ring of evasion
HPRegen 1.20/turn    B - +4 ring of slaying
MPRegen 0.17/turn

%: no passive effects
@: heroic
A: permanent stasis, dig shafts and tunnels, antennae 3, four strong arms
a: Dig, Shaft Self, Renounce Religion, Heroism, Finesse, Duel


You were on level 14 of the Dungeon.
You worshipped Okawaru.
Okawaru was extremely pleased with you.
You visited 2 branches of the dungeon, and saw 15 of its levels.
You also visited: Ossuary.

You collected 1138 gold pieces.

Inventory:

Hand Weapons
 a - a +1 heavy war axe
 l - a +5 executioner's axe of freezing (weapon)
 n - a +3 battleaxe
 J - a +0 longbow
 M - a +0 great mace
 S - a +4 flail
 V - a +3 spectral giant club
 X - the +3 battleaxe of Vacref {elec, Str+3}
   (Okawaru gifted it to you on level 12 of the Dungeon)

   Str:       It affects your strength (+3).
Missiles
 e - 35 poisoned darts
 D - 17 atropa-tipped darts
 H - 8 javelins
 U - a throwing net
Armour
 b - the +3 pair of boots "Pemaeps" (worn) {Dex+2}
   (You acquired it on level 13 of the Dungeon)

   Dex:       It affects your dexterity (+2).
 c - a +0 buckler
 r - a +1 crystal plate armour (worn)
 t - a +2 kite shield (worn)
 P - a +1 cloak (worn)
Jewellery
 h - a +6 ring of intelligence
 B - a +4 ring of slaying (right hand)
 F - an amulet of guardian spirit
 I - an amulet of regeneration (around neck)
 N - a +5 ring of evasion (left hand)
Wands
 v - a wand of flame (17)
 w - a wand of roots (17)
 y - a wand of mindburst (17)
 E - a wand of polymorph (14)
 O - a wand of light (20)
Scrolls
 f - a scroll of fear
 g - 5 scrolls of enchant armour
 i - 3 scrolls of vulnerability
 k - 2 scrolls of amnesia {unknown}
 o - a scroll of magic mapping
 q - a scroll of immolation
 x - 5 scrolls of fog
 W - 3 scrolls of enchant weapon
Potions
 d - 3 potions of might
 j - 3 potions of heal wounds
 m - a potion of mutation {unknown}
 p - 5 potions of invisibility
 s - 3 potions of ambrosia
 u - 11 potions of curing
 z - 4 potions of flight
 A - a potion of berserk rage {unknown}
 C - 2 potions of lignification
 Z - a potion of attraction


   Skills:
 + Level 12.0(17.0) Fighting
 * Level 14.3(19.3) Axes
 + Level 4.0(9.0) Ranged Weapons
 + Level 5.1(10.1) Throwing
 + Level 12.0(17.0) Armour
 + Level 5.7(10.7) Dodging
 + Level 14.0(19.0) Shields
 - Level 8.1 Invocations
 - Level 3.0 Evocations


You had 14 spell levels left.
You didn't know any spells.
Your spell library contained the following spells:

 Spells                   Type           Power      Damage    Failure   Level
 Sublimation of Blood     Necr           0%         N/A       100%        2
 Wereblood                Tmut           0%         N/A       100%        2
 Inner Flame              Hex/Fire       0%         N/A       100%        3
 Stone Arrow              Conj/Erth      0%         3d7       100%        3
 Flame Wave               Conj/Fire      0%         2d4       100%        4
 Sticky Flame             Conj/Fire      0%         2d3       100%        4
 Lehudib's Crystal Spear  Conj/Erth      0%         10d2      100%        8
 Animate Armour           Summ/Erth      Unusable   N/A       N/A         4
 Summon Hydra             Summ           Unusable   N/A       N/A         7

Dungeon Overview and Level Annotations

Branches:
Dungeon (14/15)            Temple (1/1) D:6            Lair (0/5) D:10
    Orc (0/2) D:10         Vaults (0/5) D:14        Ossuary (visited)

Altars:
Ashenzari
Cheibriados
Dithmenos
Elyvilon
Fedhas
Gozag
Hepliaklqana
Makhleb
Nemelex Xobeh
Okawaru
Qazlal
Trog
Uskayaw
Vehumet
Wu Jian
Xom
Yredelemnul
Zin
The Shining One

Shops:
D:4 *   D:10 [   D:13 *


Innate Abilities, Weirdness & Mutations

You cannot be hasted, slowed, berserked, paralysed or teleported.
You can dig through walls and to a lower floor.
You have a pair of large antennae on your head. (SInv)
Your four strong arms can wield two-handed weapons with a shield.


Message History

The meliai mumbles some strange prayers to its god against you.
Something smites you!
* * * LOW HITPOINT WARNING * * *
You hear a screech!
You slash the boulder beetle! You freeze the boulder beetle.
The boulder beetle is lightly wounded.
You block the boulder beetle's attack.
You slice the boulder beetle!! You freeze the boulder beetle!
The boulder beetle is severely wounded.
You block the boulder beetle's attack.
You slice the boulder beetle!! You freeze the boulder beetle!
You kill the boulder beetle!
The boulder beetle's corpse dissolves into shadows!
You block the meliai's attack. The meliai barely misses you.
The meliai calls down the wrath of its god upon you.
Something smites you!
* * * LOW HITPOINT WARNING * * *
You chop one of the seven-headed hydra's heads off!
The six-headed hydra grows two more!
You slash the eight-headed hydra!
The eight-headed hydra seems to slow down.
You freeze the eight-headed hydra.
The eight-headed hydra is lightly wounded.
The meliai calls down the wrath of its god upon you.
Something smites you!
* * * LOW HITPOINT WARNING * * *
You lop one of the eight-headed hydra's heads off!
The seven-headed hydra grows two more!
You slice the nine-headed hydra!!
The nine-headed hydra seems to slow down.
You freeze the nine-headed hydra.
The nine-headed hydra is heavily wounded.
You chop one of the nine-headed hydra's heads off!
The eight-headed hydra grows two more!
You slice the ten-headed hydra!!
The ten-headed hydra seems to slow down.
You freeze the ten-headed hydra.
The ten-headed hydra is severely wounded.
The meliai mumbles some strange prayers to its god against you.
Something smites you!
* * * LOW HITPOINT WARNING * * *
The ten-headed hydra barely misses you. The ten-headed hydra bites you.
You die...

......##..#.#...# #...#.#.#..####
..#.#...#.#)#.#.# #.#.###.#......
..##....#...).##.#.###..†##......
..################# ##.###......
..# ...#[#.#.#.#.# ####..#......
..# ##.##...##.#.#.##).#.#..##.#
..#. #(.)).)).(.#..##.###.#..##.#
..#.###.##)..##).# #####.#......
..#.....#.#.#)##@# ##..#......
..###)###########D# ##.###......
..#$...[# {.y.##.#.##......
..###)### yg.#.#.#.#......
..#..)..# ...##.#.##.#####
..###.### ...#.#.#.#......
..#}....# ...##.#.##......
..###.######### ######.###......
..##....##..#.# ##..##...##......


You could see a ten-headed hydra (summoned, slow), 2 meliai and a boggart
(invisible).

Vanquished Creatures
  Agnes (D:14)
  A great orb of eyes (D:14)
  Erolcha (D:11)
  3 vault guards (D:14)
  3 hydras
  3 boulder beetles (D:14)
  6 two-headed ogres
  A tengu warrior (D:14)
  7 centaur warriors
  4 skeletal warriors (D:14)
  4 wizards (D:14)
  A necromancer (D:14)
  3 deep elf pyromancers
  2 orc knights (D:14)
  8 ugly things (D:14)
  3 cyclopes (D:14)
  2 manticores
  2 gargoyles
  8 centaur zombies (D:10)
  An unseen horror (D:11)
  Maggie (D:7)
  An unseen horror (shapeshifter) (D:14)
  An unseen horror zombie (D:10)
  8 kobold demonologists
  2 tengu conjurers (D:14)
  A troll (D:13)
  Grinder (D:3)
  A hornet (D:8)
  12 slime creatures
  2 wraiths
  17 humans (D:14)
  A basilisk (D:14)
  A water elemental (D:12)
  2 wyverns (D:8)
  2 shadows
  A vampire (D:12)
  24 yaks
  5 vampire mosquitoes
  2 acid dragons
  6 water moccasins
  3 sky beasts (D:7)
  2 orc warriors
  3 ogres
  8 centaurs
  4 kobold brigands
  4 bullfrogs
  4 scorpions
  2 gnoll sergeants
  5 wights (D:8)
  10 killer bees
  2 electric eels (D:12)
  7 orc priests
  7 hounds
  2 gnoll boudas
  3 jellies
  3 sleepcaps
  Ijyb (D:3)
  Terence (D:3)
  An iguana (D:7)
  11 orc wizards
  15 mummies
  2 howler monkey zombies (D:10)
  9 adders
  23 gnolls
  A white imp (D:8)
  A worm (D:4)
  A dart slug (D:4)
  42 orcs
  6 endoplasms
  3 giant cockroaches
  6 goblins
  4 hobgoblins
  4 jackals (D:3)
  29 kobolds
  3 quokkas
  8 ball pythons
  12 bats
  A frilled lizard (D:2)
  A gnoll skeleton (Ossuary)
  2 goblin skeletons (Ossuary)
  2 kobold skeletons (Ossuary)
  2 kobold zombies (D:6)
  3 orc skeletons (Ossuary)
  3 rats
  11 rat skeletons (Ossuary)
432 creatures vanquished.

Vanquished Creatures (others)
  24 fungi (D:10)
  14 plants
38 creatures vanquished.

Grand Total: 470 creatures vanquished

Notes
Turn   | Place    | Note
-------+----------+-------------------------------------------
     0 | D:1      | a11behringer the Formicid Fighter began the quest for the
                  | Orb.
     0 | D:1      | Reached XP level 1. HP: 18/18 MP: 1/1
   104 | D:1      | Reached XP level 2. HP: 17/24 MP: 2/2
   699 | D:2      | Reached XP level 3. HP: 29/29 MP: 3/3
   983 | D:2      | Found a faded altar of an unknown god.
  1001 | D:2      | Reached XP level 4. HP: 31/37 MP: 4/4
  1509 | D:3      | Noticed Grinder
  1542 | D:3      | Killed Grinder
  1543 | D:3      | Reached skill level 5 in Shields
  1543 | D:3      | Reached XP level 5. HP: 23/43 MP: 5/5
  1543 | D:3      | Reached XP level 6. HP: 26/49 MP: 6/6
  1610 | D:3      | Noticed Ijyb
  1624 | D:3      | Killed Ijyb
  1683 | D:3      | Noticed Terence
  1697 | D:3      | Killed Terence
  2102 | D:4      | Reached XP level 7. HP: 50/55 MP: 7/7
  2645 | D:4      | Reached skill level 5 in Axes
  2856 | D:4      | Found Anefroq's General Store.
  3030 | D:4      | Reached skill level 5 in Fighting
  3030 | D:4      | Reached skill level 5 in Armour
  3154 | D:5      | Entered Level 5 of the Dungeon
  3267 | D:5      | Reached XP level 8. HP: 60/62 MP: 8/8
  3304 | D:5      | HP: 3/63 [gnoll sergeant/+0 spear (6)]
  3456 | D:5      | Found a bloodstained altar of Trog.
  3924 | D:6      | Found a blossoming altar of Fedhas.
  3925 | D:6      | Found a radiant altar of Vehumet.
  3926 | D:6      | Found a glowing silver altar of Zin.
  3927 | D:6      | Found an opulent altar of Gozag.
  4039 | D:6      | Found a sand-covered staircase.
  4049 | Ossuary  | Entered an ossuary
  4141 | Ossuary  | Reached XP level 9. HP: 69/69 MP: 9/9
  4561 | D:6      | Found a staircase to the Ecumenical Temple.
  4989 | D:6      | Noticed a two-headed ogre
  5217 | D:6      | Killed a two-headed ogre
  5356 | D:7      | Reached XP level 10. HP: 79/79 MP: 10/10
  5384 | D:7      | Noticed Maggie
  5400 | D:7      | Killed Maggie
  5458 | D:7      | Found a hide-covered altar of Uskayaw.
  5766 | Temple   | Entered the Ecumenical Temple
  5778 | Temple   | Became a worshipper of Warmaster Okawaru
  6428 | D:8      | Reached * piety under Okawaru
  6554 | D:8      | Found a stormy altar of Qazlal.
  6954 | D:8      | Identified the +6 battleaxe of Manerch {drain, rElec Int+5}
  7238 | D:9      | Noticed a two-headed ogre
  7238 | D:9      | Noticed a manticore
  7247 | D:9      | Killed a manticore
  7248 | D:9      | Reached skill level 10 in Axes
  7256 | D:9      | Killed a two-headed ogre
  7256 | D:9      | Reached ** piety under Okawaru
  7257 | D:9      | Reached skill level 10 in Shields
  7257 | D:9      | Reached XP level 11. HP: 53/87 MP: 6/11
  7356 | D:9      | Noticed a centaur warrior
  7356 | D:9      | Noticed a centaur warrior
  7367 | D:9      | Killed a centaur warrior
  7435 | D:9      | Killed a centaur warrior
  7435 | D:9      | Reached *** piety under Okawaru
  7616 | D:9      | Found a glowing golden altar of the Shining One.
  7699 | D:9      | Noticed a two-headed ogre
  7704 | D:9      | Killed a two-headed ogre
  8077 | D:9      | Found a shimmering altar of Xom.
  8091 | D:9      | Reached **** piety under Okawaru
  8384 | D:10     | Entered Level 10 of the Dungeon
  8402 | D:10     | Reached skill level 1 in Invocations
  8514 | D:10     | Noticed a two-headed ogre
  8523 | D:10     | Killed a two-headed ogre
  8524 | D:10     | Reached skill level 1 in Dodging
  8546 | D:10     | Found Ritizeaw's Armour Shoppe.
  8547 | D:10     | Found a staircase to the Orcish Mines.
  8578 | D:10     | You fall into a shaft and drop 2 floors!
  8701 | D:10     | Reached ***** piety under Okawaru
  8701 | D:10     | Received a gift from Okawaru
  8702 | D:10     | Reached XP level 12. HP: 78/96 MP: 12/14
  8742 | D:10     | Found a basalt altar of Yredelemnul.
  8769 | D:10     | Identified the +7 quarterstaff "Kono Wya" {heavy, rPois rN+
                  | Will- Str+3} (Okawaru gifted it to you on level 10 of the
                  | Dungeon)
  8769 | D:10     | Received a gift from Okawaru
  8835 | D:10     | Found a staircase to the Lair.
  8874 | D:10     | Reached skill level 5 in Invocations
  9529 | D:11     | Reached skill level 10 in Armour
  9532 | D:11     | Noticed a two-headed ogre
  9539 | D:11     | Reached skill level 10 in Fighting
  9542 | D:11     | Killed a two-headed ogre
  9558 | D:11     | Noticed Erolcha
  9577 | D:11     | Killed Erolcha
 10278 | D:12     | Reached XP level 13. HP: 45/103 MP: 17/17
 10360 | D:12     | Identified the +3 battleaxe of Vacref {elec, Str+3}
                  | (Okawaru gifted it to you on level 12 of the Dungeon)
 10360 | D:12     | Received a gift from Okawaru
 10983 | D:13     | Noticed a five-headed hydra
 10996 | D:13     | Killed a five-headed hydra
 11147 | D:13     | Noticed a six-headed hydra
 11156 | D:13     | Killed a six-headed hydra
 11279 | D:13     | Noticed a centaur warrior
 11288 | D:13     | Killed a centaur warrior
 11288 | D:13     | Received a gift from Okawaru
 11332 | D:13     | Found Kojifug's Assorted Antiques.
 11360 | D:13     | Reached ****** piety under Okawaru
 11360 | D:13     | Received a gift from Okawaru
 11418 | D:13     | Identified a scroll of acquirement
 11418 | D:13     | Acquired the +3 pair of boots "Pemaeps" {Dex+2}
 11430 | D:13     | Reached XP level 14. HP: 113/113 MP: 20/20
 12039 | D:14     | Reached skill level 1 in Ranged Weapons
 12281 | D:14     | Received a gift from Okawaru
 12329 | D:14     | Found a gate to the Vaults.
 12347 | D:14     | Reached skill level 5 in Dodging
 12347 | D:14     | Reached XP level 15. HP: 81/119 MP: 21/21
 12586 | D:14     | Received a gift from Okawaru
 12739 | D:14     | Noticed Agnes
 12755 | D:14     | Killed Agnes
 13060 | D:14     | Reached skill level 5 in Throwing
 13094 | D:14     | HP: 1/120 [meliai/divine providence[a boggart] (11)]
 13094 | D:14     | Slain by a ten-headed hydra

Illustrated notes

Levels and vault maps discovered:
D:1:      elethiomel_arrival_maze, layout_basic
D:2:      cheibrodos_old_hovel, layout_rooms, chequers_ecumenical_altar_island,
          minmay_misc_feat_tiny, ebering_dispersal_statue_hall
D:3:      layout_rooms, grunt_ministairs_4, uniq_terence, uniq_grinder,
          uniq_ijyb
D:4:      layout_loops_corners, serial_shops, nicolae_shop_tiny_waterfront,
          nicolae_elevator_lobby_plus
D:5:      layout_cave_pools, mainiacjoe_overflow_surrounded_room
D:6:      layout_loops_ring, mainiacjoe_overflow_alcove_3,
          minmay_temple_entry_drinking_statues, nicolae_ossuary_entry_giza,
          lightli_corner_chamber
D:7:      layout_loops_cross, nicolae_uskayaw_murder_on_the_dancefloor,
          uniq_maggie
D:8:      layout_gridville, mainiacjoe_overflow_concentric_impassable
D:9:      layout_roguey, mainiacjoe_overflow_chevrons, tso_oasis_becter,
          supply_closet_lemuel, kb_rosetta
D:10:     layout_basic, nicolae_yredelemnul_corpse_copse,
          due_lair_maze_entry_diamond, orc_david_3
D:11:     layout_cave_pods, uniq_erolcha
D:12:     layout_basic
D:13:     layout_stronghold, serial_shops, shop
D:14:     minmay_the_grid_square_5x5_4x4 [minmay_the_grid_square_5x5_tri_point,
          minmay_the_grid_square_5x5_six, minmay_the_grid_square_5x5_c,
          minmay_the_grid_square_5x5_spiral_small,
          minmay_the_grid_square_5x5_inner_i,
          minmay_the_grid_square_5x5_prize_itemx,
          minmay_the_grid_square_5x5_prize_waves,
          minmay_the_grid_square_5x5_seven, minmay_the_grid_square_5x5_tie,
          minmay_the_grid_square_5x5_prize_snowflake,
          minmay_the_grid_square_5x5_prize_gold,
          minmay_the_grid_square_5x5_checkered,
          minmay_the_grid_square_5x5_inner_z, minmay_the_grid_square_5x5_lines,
          minmay_the_grid_square_5x5_longway,
          minmay_the_grid_square_5x5_shrine2], layout_gridville,
          grunt_vaults_entry_tiered, serial_bayou_shore_b, uniq_agnes
Temple:   nicolae_temple_x_marks_the_god

Skill      XL: |  1  2  3  4  5  6  7  8  9 10 11 12 13 14 15 |
---------------+----------------------------------------------+-----
Axes           | 3 4 5 6 8 10 11 12 13 14 | 14.3
Fighting       | 4 5 6 7 8 9 10 11 12 | 12.0
Armour         | 4 5 6 7 8 9 10 11 12 | 12.0
Shields        | 5 6 7 8 10 11 13 14 | 14.0
Invocations    | 2 6 8 |  8.1
Dodging        | 1 3 4 5 |  5.7
Throwing       | 2 4 5 |  5.1
Evocations     | 3 |  3.0
Ranged Weapons | 2 4 |  4.0

Action                     |  1- 3 |  4- 6 |  7- 9 | 10-12 | 13-15 || total
---------------------------+-------+-------+-------+-------+-------++-------
  Melee: War axe           |    88 |   110 |   298 |   431 |    18 ||   945
         Battleaxe         |       |       |       |       |   121 ||   121
         Flail             |       |       |       |       |    21 ||    21
         Executioner's axe |       |       |       |       |   170 ||   170
 Invoke: Heroism           |       |       |       |       |     6 ||     6
         Finesse           |       |       |       |       |     1 ||     1
Ability: Dig               |       |       |     4 |     4 |       ||     8
    Use: Scroll            |       |       |    13 |     5 |     6 ||    24
         Potion            |       |       |     1 |       |     2 ||     3
 Armour: Scale mail        |     7 |       |       |       |       ||     7
         Chain mail        |    51 |    34 |       |       |       ||    85
         Crystal plate arm |       |    77 |   225 |   368 |   230 ||   900
  Dodge: Dodged            |    49 |    33 |    39 |   176 |   171 ||   468
  Block: Buckler           |    24 |    19 |    86 |   175 |   103 ||   407
         Kite shield       |       |       |       |       |    75 ||    75

Table legend: (Time is in decaauts)
 A = Elapsed time spent in this place.
 B = Non-inter-level travel time spent in this place.
 C = Inter-level travel time spent in this place.
 D = Time resting spent in this place.
 E = Time spent auto-exploring this place.
 F = Levels seen in this place.
 G = Mean time per level.
                   A        B        C        D        E       F      G
               +--------+--------+--------+--------+--------+-----+--------+
         Total |  13253 |  12256 |    997 |      0 |   9619 |  16 |  828.3 |
       Dungeon |  12786 |  11807 |    979 |      0 |   9341 |  14 |  913.3 |
        Temple |     25 |      7 |     18 |      0 |      3 |   1 |   25.0 |
       Ossuary |    441 |    441 |      0 |      0 |    275 |   1 |  441.0 |
               +--------+--------+--------+--------+--------+-----+--------+

Top non-repeatable levels by time:
    D:14: 1233 daAuts
     D:4: 1190 daAuts
     D:9: 1156 daAuts
     D:6: 1130 daAuts
    D:13: 1040 daAuts
     D:8: 988 daAuts
    D:10: 918 daAuts
     D:7: 808 daAuts
    D:11: 788 daAuts
    D:12: 750 daAuts
     D:5: 722 daAuts
     D:1: 694 daAuts
     D:3: 692 daAuts
     D:2: 670 daAuts
 Ossuary: 441 daAuts
